 Dungeon Crawl Stone Soup version 0.26-a0-683-g5206c1d7ac (webtiles) character file.

Game seed: 8584626516941716572

(classic levelgen) 3857 EnegeticOcto the Cleaver (level 9, 15/73 HPs)
             Began as a Deep Dwarf Fighter on Oct 22, 2020.
             Was a Follower of Hepliaklqana.
             Quit the game on level 9 of the Dungeon.
             The game lasted 00:14:34 (1534 turns).

EnegeticOcto the Cleaver (Deep Dwarf Fighter)       Turns: 1534, Time: 00:14:34

Health: 15/73      AC:  9    Str: 20    XL:     9   Next: 99%
Magic:  8/8        EV:  7    Int: 12    God:    Hepliaklqana [*.....]
Gold:   335        SH:  0    Dex: 12    Spells: 8/8 levels left

rFire    . . .     SeeInvis .   w - +7 mace of Variability {chain chaos}
rCold    . . .     Faith    .   (shield currently unavailable)
rNeg     . . .     Spirit   .   j - +0 chain mail
rPois    .         Reflect  .   (no helmet)
rElec    .         Harm     .   (no cloak)
rCorr    .         Rampage  .   (no gloves)
MR       +....                  (no boots)
Stlth    ..........             (no amulet)
HPRegen  0.00/turn              (no ring)
MPRegen  0.11/turn              (no ring)

@: non-regenerating
A: damage resistance, heal wounds, reduced essence, sense surroundings 2, no
regeneration
a: Heal Wounds, Recall Ancestor, Ancestor Identity, Renounce Religion


You were on level 9 of the Dungeon.
You worshipped Hepliaklqana.
Hepliaklqana was aware of your devotion.
You visited 1 branch of the dungeon, and saw 11 of its levels.

You collected 335 gold pieces.

Inventory:

Hand Weapons
 a - a +0 war axe
 t - a +0 morningstar of freezing
 w - the +7 mace of Variability (weapon) {chain chaos}
   (You found it on level 11 of the Dungeon)

   Each time it hits an enemy it has a different, random effect.
 x - the +6 dagger "Nemoze" {pain, rC++ Dex+6 Stlth+, unknown}
   (You found it on level 11 of the Dungeon)

   In the hands of one skilled in necromantic magic, it inflicts extra damage on
   living creatures.
   It affects your dexterity (+6).
   It greatly protects you from cold.
   It makes you more stealthy.
Missiles
 l - 10 poisoned darts (quivered)
 r - 6 curare-tipped darts
Armour
 c - a +0 kite shield
 j - a +0 chain mail (worn)
Jewellery
 o - the ring of Generosity {Fire MR- Str-2 Int+3 Dex+8}
   (You found it on level 7 of the Dungeon)

   [ring of fire]

   It enhances your fire magic.
   It affects your strength (-2).
   It affects your intelligence (+3).
   It affects your dexterity (+8).
   It protects you from fire.
   It makes you vulnerable to cold.
   It affects your resistance to hostile enchantments.
Wands
 b - a wand of disintegration (14)
 p - a wand of digging (6) {@v3}
 q - a wand of random effects (12)
Scrolls
 f - 2 scrolls of remove curse {@r2}
 g - 5 scrolls of teleportation {@r3 !r}
 u - 3 scrolls of identify {@r1}
Potions
 d - a potion of might {@q3 !q}
 e - 2 potions of brilliance {unknown}
 h - 2 potions of curing {@q1 !q}
 i - a potion of heal wounds {@q2 !q}
 k - a potion of stabbing {unknown}
 m - a potion of ambrosia {unknown}
 n - a potion of magic {unknown}
Miscellaneous
 s - a phial of floods


   Skills:
 - Level 6.0 Fighting
 - Level 12.9 Axes
 * Level 1.1(7.8) Maces & Flails
 - Level 3.2 Armour
 - Level 3.2 Shields
 + Level 6.4 Invocations


You had 8 spell levels left.
You didn't know any spells.
Your spell library was empty.

Dungeon Overview and Level Annotations

Branches:
Dungeon (11/15)            Temple (0/1) D:7
   Lair: D:8-11         Orc: D:9-12

Altars:
Dithmenos
Elyvilon
Fedhas
Gozag
Hepliaklqana
Nemelex Xobeh
Wu Jian
Xom
The Shining One


Innate Abilities, Weirdness & Mutations

You are resistant to damage.
You can heal yourself by infusing magical energy.
You passively map the area around you.
You do not regenerate.
Your life essence is reduced to manifest your ancestor. (-10% HP)


Message History

You start removing your armour.
You continue taking off your +0 kite shield. x4
You finish taking off your +0 kite shield.
You see here the +7 mace of Variability {chain chaos}.
The +7 mace of Variability {chain chaos} is briefly surrounded by a scintillating aura of random colours.
w - the +7 mace of Variability (weapon)
{chain chaos} Setting a skill training target for Maces & Flails at 20.0.
You see here a smoking dagger.
x - a smoking dagger Publia emerges from the mists of memory!
You enter the shallow water.
Moving in this stuff is going to be slow.
Really read
v - a scroll of magic mapping {@r5 !r}?
As you read the scroll of magic mapping {@r5 !r}, it crumbles to dust.
You feel aware of your surroundings. Why would you want to do that?
There is an escape hatch in the ceiling here.
Really go through this one-way escape hatch?
A mysterious force pulls you upwards. The hatch slams shut behind you.
Found a scroll of identify.
u - 3 scrolls of identify {@r1} (gained 1)
An ice beast comes into view.
Found a stone staircase leading up.
Found 27 gold pieces.
There is a stone staircase leading up here.
The ice beast hits Publia.
The ice beast freezes Publia.
Publia resists.
Publia hits the ice beast!
You climb upwards.
A bullfrog and a worker ant come into view.
The bullfrog swells and bulges.
Found 9 gold pieces.
There is a stone staircase leading down here.
Really attack near your ally Publia?
You closely miss the bullfrog.
The bullfrog hits you but does no damage.
The worker ant bites Publia.
The bullfrog hits you but does no damage.
Publia hits the bullfrog.
Really attack near your ally Publia?
You sock the bullfrog! You burn the bullfrog.
The bullfrog is heavily wounded.
The bullfrog hits you.
The worker ant bites Publia.
The bullfrog hits you.
Publia closely misses the worker ant.
The worker ant bites Publia.
Really attack near your ally Publia?
You bludgeon the bullfrog!!
You kill the bullfrog!
Training target 6.0 for Fighting reached!
Your Fighting skill increases to level 6!
Publia completely misses the worker ant.
The worker ant bites Publia.
You swap places.
A black bear comes into view.
The worker ant closely misses you.
Really attack near your ally Publia? [Y]es or [N]o only, please.
Really attack near your ally Publia?
You barely miss the worker ant. The worker ant bites you.
You are poisoned.
The worker ant poisons you!
Publia hits the worker ant.
The worker ant bites you.
Publia hits the worker ant!
Really attack near your ally Publia? [Y]es or [N]o only, please.
Really attack near your ally Publia?
You sock the worker ant! You freeze the worker ant.
You kill the worker ant!
You swap places.
The black bear bites Publia!
The black bear barely misses Publia.
The black bear claws Publia but does no damage.
You see here 9 gold pieces.
You now have 317 gold pieces (gained 9).
Publia hits the black bear.
The black bear misses Publia.
The black bear closely misses Publia.
The black bear claws Publia.
Publia hits the black bear.
The black bear bites you.
The black bear claws you but does no damage. x2
Really attack near your ally Publia?
You sock the black bear!
The black bear is almost dead.
Publia hits the black bear.
The black bear dies!
Your base Maces & Flails skill increases to level 1!
You now have 335 gold pieces (gained 18).
An ogre comes into view. It is wielding a +0 giant club.
You are no longer poisoned.
The ogre shouts!
Found 21 gold pieces.
Really attack near your ally Publia? [Y]es or [N]o only, please.
Really attack near your ally Publia?
You thump the ogre! You burn the ogre.
The ogre is severely wounded.
The ogre hits you with a +0 giant club! x2
Really attack near your ally Publia?
You barely miss the ogre.
The ogre is severely wounded.
The ogre hits you with a +0 giant club!
* * * LOW HITPOINT WARNING * * *
Really attack near your ally Publia?
Okay, then.
Are you sure you want to abandon this character and quit the game? (Confirm with "yes".)

*, ,
................>....#
,,
###..................#
**
**#..................#
*
,...................#
*
##..................#
* *
####..............## ,
* ##............## * *
######......#####
#..$.@R##.#.# * *
#...O####...# , #...#*
##### , #... #.. * #..
, #., , * #. * *


You could see the friendly Publia the ancestor and an ogre.

Vanquished Creatures
  The ghost of shin the Changer, a novice DrTm (D:7)
  A wyvern (D:8)
  3 chaos spawn (D:11)
  2 sky beasts (D:7)
  2 black bears
  3 ice beasts
  4 centaurs
  A wolf (D:10)
  5 ogres
  A big kobold (D:8)
  4 bullfrogs
  A water moccasin skeleton (D:7)
  A jelly (D:11)
  A bullfrog zombie (D:9)
  A centaur skeleton (D:7)
  2 orc priests (D:9)
  A gnoll shaman (D:5)
  An orc wizard (D:5)
  A water moccasin simulacrum (D:7)
  An iguana (D:7)
  3 worker ants
  A killer bee zombie (D:7)
  A worker ant zombie (D:5)
  4 gnolls (D:5)
  4 adders
  A hound simulacrum (D:7)
  2 white imps (D:7)
  An ufetubus (D:6)
  A worm (D:3)
  2 leopard geckos (D:6)
  8 orcs
  2 bats
  A giant cockroach (D:3)
  A goblin (D:3)
  4 jackals (D:7)
  4 kobolds (D:8)
  A quokka (D:2)
  A frilled lizard (D:2)
  2 rats (D:3)
  3 toadstools (D:8)
84 creatures vanquished.

Vanquished Creatures (collateral kills)
  Grum (D:10)
  2 black bears
  An eye of draining (D:9)
  A wolf (D:10)
  A centaur (D:9)
  A worker ant (D:9)
  2 leopard geckos
  An orc (D:9)
10 creatures vanquished.

Vanquished Creatures (others)
  An ancestor (D:11)
  5 fungi (D:8)
  A toadstool (D:8)
7 creatures vanquished.

Grand Total: 101 creatures vanquished

Notes
Turn   | Place    | Note
-------+----------+-------------------------------------------
     0 | D:1      | EnegeticOcto the Deep Dwarf Fighter began the quest for the
                  | Orb.
     0 | D:1      | Reached XP level 1. HP: 20/20 MP: 1/1
    59 | D:3      | Reached skill level 3 in Axes
    59 | D:3      | Reached XP level 2. HP: 24/27 MP: 2/2
   135 | D:3      | Reached XP level 3. HP: 28/33 MP: 3/3
   139 | D:3      | Found an opulent altar of Gozag.
   192 | D:5      | Entered Level 5 of the Dungeon
   200 | D:5      | Reached skill level 4 in Axes
   214 | D:4      | Found an ornate altar of the Wu Jian Council.
   252 | D:5      | Your magical essence is drained by the effort!
   256 | D:5      | Reached XP level 4. HP: 35/40 MP: 3/3
   258 | D:5      | Reached skill level 5 in Axes
   261 | D:5      | Reached XP level 5. HP: 33/46 MP: 4/4
   264 | D:5      | Reached skill level 6 in Axes
   295 | D:6      | Found a sparkling altar of Nemelex Xobeh.
   315 | D:6      | Found a shadowy altar of Dithmenos.
   360 | D:6      | Noticed a sky beast
   379 | D:7      | Found a runed translucent gate.
   379 | D:7      | Found a runed translucent gate.
   379 | D:7      | Found a runed translucent gate.
   379 | D:7      | Noticed an ogre
   393 | D:7      | Killed an ogre
   393 | D:7      | Reached skill level 7 in Axes
   393 | D:7      | Reached XP level 6. HP: 25/55 MP: 5/5
   413 | D:7      | Killed a sky beast
   431 | D:7      | Noticed an ice beast
   432 | D:7      | Noticed an ice beast
   446 | D:7      | Reached skill level 8 in Axes
   446 | D:7      | Reached XP level 7. HP: 30/61 MP: 6/6
   449 | D:7      | Reached skill level 9 in Axes
   456 | D:7      | Noticed shin's ghost (novice DrTm)
   539 | D:7      | Killed shin's ghost
   539 | D:7      | Reached skill level 10 in Axes
   539 | D:7      | Reached XP level 8. HP: 31/68 MP: 7/7
   543 | D:7      | Got the ring of Generosity {Fire}
   544 | D:7      | Identified the ring of Generosity {Fire MR- Str-2 Int+3
                  | Dex+8} (You found it on level 7 of the Dungeon)
   553 | D:7      | Your magical essence is drained by the effort!
   579 | D:8      | Reached skill level 11 in Axes
   639 | D:7      | Found a white marble altar of Elyvilon.
   738 | D:8      | Reached skill level 3 in Fighting
   806 | D:9      | Noticed a two-headed ogre
   908 | D:6      | Found a blossoming altar of Fedhas.
   952 | D:7      | Reached skill level 12 in Axes
   984 | D:7      | Found a hazy altar of Hepliaklqana.
   992 | D:7      | Became a worshipper of Hepliaklqana the Forgotten
  1029 | D:7      | Reached skill level 4 in Fighting
  1029 | D:7      | Reached skill level 1 in Invocations
  1069 | D:7      | Gained mutation: You passively map the area around you.
                  | [Deep Dwarf growth]
  1069 | D:7      | Reached XP level 9. HP: 63/70 MP: 6/8
  1088 | D:7      | Found a staircase to the Ecumenical Temple.
  1109 | D:7      | Reached skill level 2 in Invocations
  1132 | D:8      | Found a glowing golden altar of the Shining One.
  1167 | D:8      | Reached skill level 3 in Invocations
  1284 | D:9      | Reached skill level 4 in Invocations
  1287 | D:9      | Reached skill level 5 in Fighting
  1336 | D:10     | Entered Level 10 of the Dungeon
  1337 | D:10     | Reached * piety under Hepliaklqana
  1338 | D:10     | Your magical essence is drained by the effort!
  1357 | D:10     | Noticed Grum
  1362 | D:10     | Reached skill level 5 in Invocations
  1370 | D:10     | Killed Grum
  1397 | D:11     | Found a shimmering altar of Xom.
  1397 | D:11     | Found the +7 mace of Variability {chain chaos}
  1414 | D:11     | Your magical essence is drained by the effort!
  1428 | D:11     | Reached skill level 6 in Invocations
  1430 | D:11     | Your magical essence is drained by the effort!
  1458 | D:11     | Got a smoking dagger
  1510 | D:9      | Reached skill level 6 in Fighting
  1518 | D:9      | Reached skill level 1 in Maces & Flails
  1534 | D:9      | Quit the game

Illustrated notes

Levels and vault maps discovered:
D:1:      doesnt_arrival_eight_statues, layout_rooms
D:2:      layout_rooms, uniq_sigmund, uniq_crazy_yiuf_cottage
D:3:      layout_loops_ring, lemuel_zombie_altar_kikubaaqudgha,
          marbit_many_paths, hex_tiny, chequers_serial_rivers_micro_e,
          uniq_terence
D:4:      layout_rooms, nicolae_overflow_hidden_temple, fedhas_altar_1
D:5:      layout_basic, nicolae_ru_great_annihilating_truth
D:6:      layout_basic, nicolae_dithmenos_the_darkroom,
          nicolae_overflow_crystal_walls, nemelex_xobeh_ov_fountains_minmay,
          basic_altar
D:7:      layout_loops_corners, lemuel_coloured_pillars_altar,
          lemuel_round_altar, minmay_temple_entry_mist, gammafunk_ghost_icy,
          hangedman_decor_opposing, elyvilon_altar_5
D:8:      layout_loops_corners, kb_xom_exploding_sheep, old_standard_altar,
          dancing_weapons_uskayaw, nicolae_ossuary_entry_ruins, serial_shops,
          nicolae_shop_behind_doors, minmay_gold_behind_fungi
D:9:      layout_rooms, lemuel_crystal_altar, lair_entry_dummy, uniq_maggie,
          uniq_joseph
D:10:     layout_irregular_city, uniq_snorg, uniq_grum
D:11:     layout_rooms, minmay_guarded_unrand_variability

Skill      XL: |  1  2  3  4  5  6  7  8  9 |
---------------+----------------------------+-----
Axes           | 3 4 5 7 8 10 12 | 12.9
Fighting       | 4 6 |  6.0
Invocations    | 1 6 |  6.4
Maces & Flails | 1 |  1.1
Armour         | |  3.2
Shields        | |  3.2

Action                   |  1- 3 |  4- 6 |  7- 9 || total
-------------------------+-------+-------+-------++-------
Melee: War axe           |    37 |    61 |   223 ||   321
       Unarmed           |       |       |    19 ||    19
       Great mace        |       |       |     8 ||     8
Invok: Recall Ancestor   |       |       |     2 ||     2
 Abil: Heal Wounds       |     3 |     6 |    13 ||    22
  Use: Scroll            |     5 |       |     4 ||     9
 Stab: Distracted        |       |       |     1 ||     1
       Confused          |       |       |     1 ||     1
Armor: Scale mail        |    13 |       |       ||    13
       Chain mail        |    48 |    52 |   109 ||   209
       Skin              |       |       |     4 ||     4
Dodge: Dodged            |    20 |    17 |    60 ||    97
Block: Kite shield       |    52 |    38 |   123 ||   213

Table legend: (Time is in decaauts)
 A = Elapsed time spent in this place.
 B = Non-inter-level travel time spent in this place.
 C = Inter-level travel time spent in this place.
 D = Time resting spent in this place.
 E = Time spent auto-exploring this place.
 F = Levels seen in this place.
 G = Mean time per level.
                   A        B        C        D        E       F      G
               +--------+--------+--------+--------+--------+-----+--------+
         Total |   1571 |   1560 |     11 |      0 |      0 |  11 |  142.8 |
       Dungeon |   1571 |   1560 |     11 |      0 |      0 |  11 |  142.8 |
               +--------+--------+--------+--------+--------+-----+--------+

Top non-repeatable levels by time:
     D:7: 525 daAuts
     D:8: 320 daAuts
     D:6: 141 daAuts
     D:3: 121 daAuts
     D:9: 110 daAuts
     D:5: 96 daAuts
    D:10: 90 daAuts
    D:11: 75 daAuts
     D:2: 44 daAuts
     D:4: 34 daAuts
     D:1: 10 daAuts
